 Dungeon Crawl Stone Soup version 0.21-a0-221-gfe971b9 (webtiles) character file.

7394 tidbits the Martial Artist (level 10, -3/83 HPs)
             Began as a Demigod Transmuter on Aug 26, 2017.
             Slain by an eight-headed hydra (7 damage)
             ... on level 1 of the Lair of Beasts.
             The game lasted 00:54:43 (5168 turns).

tidbits the Martial Artist (Demigod Transmuter)     Turns: 5168, Time: 00:54:44

Health: -3/83      AC: 10    Str: 13    XL:     10   Next: 61%
Magic:  0/19       EV: 17    Int: 23    God:
Gold:   623        SH:  0    Dex: 19    Spells: 6/16 levels left

rFire    . . .     SeeInvis .     - Unarmed
rCold    . . .     Gourm    .   (no shield)
rNeg     . . .     Faith    .   B - +0 troll leather armour
rPois    .         Spirit   +   E - +2 helmet
rElec    .         Reflect  .   (no cloak)
rCorr    .         Harm     .   G - +0 pair of gloves
MR       +....                  (no boots)
Stlth    +.........             y - amulet of guardian spirit
HPRegen  0.63/turn              X - +3 ring of dexterity
MPRegen  0.16/turn              V - +2 ring of evasion

@: no status effects
A: thin metallic scales 1, deterioration 1, high mp 1
a: no special abilities


You were on level 1 of the Lair of Beasts.
You were not hungry.

You visited 2 branches of the dungeon, and saw 12 of its levels.

You collected 623 gold pieces.

Inventory:

Hand Weapons
 a - a +2 dagger of electrocution
   (You took it off an orc on level 3 of the Dungeon)
 l - a +0 mace
 I - a +1 dagger of chaos
   (You took it off Psyche on level 9 of the Dungeon)
Missiles
 h - 96 arrows
 p - 44 poisoned needles
 C - 111 sling bullets
Armour
 x - a +2 robe of positive energy
   (You took it off Nergalle on level 10 of the Dungeon)
 B - a +0 troll leather armour (worn)
 E - a +2 helmet (worn)
 G - a +0 pair of gloves (worn)
 J - a +2 robe of magic resistance
   (You took it off Psyche on level 9 of the Dungeon)
 M - a cursed +0 robe
Magical Staves
 w - an uncursed staff of wizardry {!a}
   (You found it on level 7 of the Dungeon)
Jewellery
 n - an uncursed amulet of the gourmand
   (You found it on level 7 of the Dungeon)
 y - an amulet of guardian spirit (around neck)
   (You found it on level 8 of the Dungeon)
 K - an uncursed ring of resist corrosion
   (You found it on level 8 of the Dungeon)
 N - an uncursed ring of ice
   (You found it on level 9 of the Dungeon)
 V - a +2 ring of evasion (right hand)
   (You found it on level 2 of the Dungeon)
 X - a +3 ring of dexterity (left hand)
   (You found it on level 8 of the Dungeon)
Wands
 b - a wand of flame (6/48)
 e - a wand of confusion (17/48)
 j - a wand of random effects (15/48)
Scrolls
 f - 2 scrolls of teleportation
 g - a scroll of torment
 i - 2 scrolls of identify
 k - 3 scrolls of fear
 q - 2 scrolls of recharging
 D - a scroll of enchant weapon
 L - a scroll of brand weapon {unknown}
 O - a scroll of remove curse
Potions
 o - 2 potions of brilliance
 s - 4 potions of curing
 z - a potion of might
 H - a potion of cancellation
Books
 c - a book of Changes

   Spells                             Type                      Level
   a - Beastly Appendage              Transmutation                1
   b - Sticks to Snakes               Transmutation                2
   c - Spider Form                    Transmutation/Poison         3
   d - Ice Form                       Ice/Transmutation            4
   e - Blade Hands                    Transmutation                5
 u - a book of Misfortune
   (You found it on level 4 of the Dungeon)

   Spells                             Type                      Level
   a - Confusing Touch                Hexes                        1
   b - Confuse                        Hexes                        3
   c - Gell's Gravitas                Translocation                3
   d - Petrify                        Transmutation/Earth          4
   e - Metabolic Englaciation         Hexes/Ice                    5
   f - Yara's Violent Unravelling     Hexes/Transmutation          5
Comestibles
 d - 10 bread rations
 m - a chunk of flesh
 t - 9 meat rations
 A - 3 royal jellies
 F - 2 fruits


   Skills:
 - Level 6.1 Fighting
 + Level 5.3 Dodging
 + Level 9.6 Unarmed Combat
 + Level 3.6 Spellcasting
 - Level 9.0 Transmutations


You had 6 spell levels left.
You knew the following spells:

 Your Spells              Type           Power        Failure   Level  Hunger
h - Blade Hands           Tmut           #####.....   9%          5    ######.
k - Sticks to Snakes      Tmut           #####...     1%          2    #......
p - Spider Form           Tmut/Pois      ####......   6%          3    ###....


Dungeon Overview and Level Annotations

Branches:
Dungeon (10/15)              Lair (2/6) D:9             Orc (0/2) D:10
 Temple: D:4-7        Swamp: Lair:2-4    Shoals: Lair:2-4     Snake: Lair:2-4
 Spider: Lair:2-4

Annotations:
D:10 exclusions: hound and orc warrior


Innate Abilities, Weirdness & Mutations

You have an increased reservoir of magic. (+10% MP)
You are partially covered in thin metallic scales. (AC +2)
Your body sometimes deteriorates upon taking damage.


Message History

Your adder dies!
The eight-headed hydra closely misses your adder. x2
The eight-headed hydra bites your adder!!
Your adder dies!
Your adder bites the eight-headed hydra.
The eight-headed hydra misses your adder.
The eight-headed hydra bites your adder!
The eight-headed hydra barely misses your adder.
The eight-headed hydra bites your adder!
Your adder dies!
The eight-headed hydra bites your adder.
The eight-headed hydra misses your adder.
The eight-headed hydra bites your adder.
The eight-headed hydra completely misses your adder.
There is a stone staircase leading down here.
Your adder bites the eight-headed hydra.
Your adder bites the eight-headed hydra. x3
The eight-headed hydra bites your adder!
Your adder dies!
The eight-headed hydra bites your adder!
Your adder dies!
The eight-headed hydra barely misses your adder.
The eight-headed hydra bites your adder.
The eight-headed hydra bites your adder!
Your adder dies!
The eight-headed hydra roars!
Evoke which item? (* to show all) (? for menu, Esc to quit)
Okay, then.
As you read the scroll of identify, it crumbles to dust.
b - a wand of flame (9/48) Evoke which item? (* to show all) (? for menu, Esc to quit)
Aiming: Throw Flame
Press: ? - help, Shift-Dir - straight line, f/p - eight-headed hydra
Aim: an eight-headed hydra (heavily wounded)
The puff of flame hits the eight-headed hydra.
The eight-headed hydra is heavily wounded.
This wand has 8 charges left.
Evoke which item? (* to show all) (? for menu, Esc to quit)
Aiming: Throw Flame
Press: ? - help, Shift-Dir - straight line, f/p - eight-headed hydra
Aim: an eight-headed hydra (heavily wounded)
The puff of flame hits the eight-headed hydra.
The eight-headed hydra is severely wounded.
This wand has 7 charges left.
Evoke which item? (* to show all) (? for menu, Esc to quit)
Aiming: Throw Flame
Press: ? - help, Shift-Dir - straight line, f/p - eight-headed hydra
Aim: an eight-headed hydra (severely wounded)
The puff of flame hits the eight-headed hydra.
The eight-headed hydra is severely wounded.
This wand has 6 charges left.
Evoke which item? (* to show all) (? for menu, Esc to quit)
Okay, then.
Wield which item (- for none, * to show all)? (? for menu, Esc to quit)
You are now empty-handed.
Evoke which item? (* to show all) (? for menu, Esc to quit)
Aiming: Random Effects (will waste charges)
Press: ? - help, Shift-Dir - straight line, f/p - eight-headed hydra
Aim: an eight-headed hydra (severely wounded)
The puff of frost hits the eight-headed hydra.
The eight-headed hydra is severely wounded.
Evoking this partially-identified wand wasted a few charges.
You hit the eight-headed hydra.
The eight-headed hydra is almost dead.
The eight-headed hydra barely misses you.
The eight-headed hydra bites you.
The eight-headed hydra bites you but does no damage.
The eight-headed hydra bites you. x2; The eight-headed hydra bites you!
The eight-headed hydra closely misses you.
The eight-headed hydra bites you!
You hit the eight-headed hydra.
The eight-headed hydra is almost dead.
The eight-headed hydra bites you! x2
* * * LOW HITPOINT WARNING * * *
The eight-headed hydra misses you. The eight-headed hydra bites you.
* * * LOW HITPOINT WARNING * * *
The eight-headed hydra completely misses you.
The eight-headed hydra bites you!
* * * LOW HITPOINT WARNING * * *
The eight-headed hydra misses you.
The eight-headed hydra closely misses you.
You hit the eight-headed hydra.
The eight-headed hydra is almost dead.
The eight-headed hydra misses you.
The eight-headed hydra barely misses you.
The eight-headed hydra bites you.
* * * LOW HITPOINT WARNING * * *
The eight-headed hydra bites you but does no damage.
The eight-headed hydra misses you.
The eight-headed hydra barely misses you.
The eight-headed hydra bites you!
* * * LOW HITPOINT WARNING * * *
The eight-headed hydra barely misses you.
You barely miss the eight-headed hydra.
The eight-headed hydra is almost dead.
The eight-headed hydra bites you!
* * * LOW HITPOINT WARNING * * *
The eight-headed hydra closely misses you.
The eight-headed hydra bites you!
You die...

### ##...#......................
##.###...##..........[...........
........###..<...................
..H.....# #...........#..........
.P####..###.................†....
P## ##..##............######....
# #..P#...........## #....
#.............### #..## .
#.......>D@..## ##..# .#
###..##........# #...#
.####......####...## ##.##
...##........##....# #P.#
....................# # #..#
.......###......###..##.####..#
......## ###...## ...........##
......## #..# #..###......##
.......## ..# ###......


You could see an eight-headed hydra.

Vanquished Creatures
  A two-headed ogre (D:9)
  Nergalle (D:10)
  Pikel (D:6)
  Psyche (D:9)
  2 spiny frogs
  A komodo dragon (Lair:1)
  A troll (D:7)
  Prince Ribbit (D:6)
  2 hippogriffs (D:7)
  A wraith (D:10)
  A spriggan (D:10)
  3 yaks
  A water moccasin (Lair:2)
  2 porcupines (D:9)
  A black bear (D:9)
  An ice beast (D:10)
  An orc warrior (D:10)
  A phantom (D:4)
  A sky beast (D:7)
  A necrophage (D:9)
  3 centaurs
  2 ogres
  2 crocodiles
  7 bullfrogs
  2 scorpions
  A killer bee (D:7)
  3 howler monkeys
  2 crimson imps
  A bullfrog zombie (D:9)
  A jelly (D:7)
  2 orc priests
  3 hounds
  3 orc wizards
  An iguana (D:8)
  3 worker ants
  A hound zombie (D:7)
  9 gnolls
  4 adders
  A shadow imp (D:9)
  2 adder zombies
  A leopard gecko (D:5)
  19 orcs
  A bat (D:3)
  2 giant cockroaches
  5 goblins
  5 hobgoblins
  9 jackals
  2 kobolds
  2 quokkas
  2 frilled lizards (D:3)
  A leopard gecko skeleton (D:5)
  8 rats
  2 fungi (D:7)
137 creatures vanquished.

Vanquished Creatures (collateral kills)
  A spiny frog (Lair:1)
  2 hippogriffs
  Menkaure (D:6)
  A porcupine (Lair:1)
  A sky beast (D:8)
  2 bullfrogs
  A hound (D:4)
  2 worker ants (D:9)
  A hound skeleton (D:8)
  An adder (D:2)
  A shadow imp (D:7)
  An ooze (D:1)
  2 dart slugs
  A leopard gecko (D:2)
  3 orcs
  A giant cockroach (D:2)
  A jackal (D:9)
  A kobold (D:1)
24 creatures vanquished.

Vanquished Creatures (others)
  A slave (D:6)
  A worker ant (D:6)
  A quokka (D:5)
  15 fungi
  2 plants
20 creatures vanquished.

Grand Total: 181 creatures vanquished

Notes
Turn   | Place    | Note
-------+----------+-------------------------------------------
     0 | D:1      | tidbits the Demigod Transmuter began the quest for the Orb.
     0 | D:1      | Reached XP level 1. HP: 15/15 MP: 5/5
   129 | D:1      | Reached skill level 2 in Spellcasting
   161 | D:1      | Reached skill level 2 in Transmutations
   294 | D:1      | Reached XP level 2. HP: 5/22 MP: 5/7
   298 | D:1      | Learned a level 2 spell: Sticks to Snakes
   602 | D:2      | Found a glowing golden altar of the Shining One.
   740 | D:4      | Found a sacrificial altar of Ru.
   758 | D:4      | Reached skill level 3 in Transmutations
   758 | D:4      | Reached XP level 3. HP: 18/27 MP: 5/8
   797 | D:4      | Noticed a scorpion
   809 | D:4      | Learned a level 3 spell: Spider Form
   817 | D:4      | Killed a scorpion
   817 | D:4      | Reached skill level 4 in Transmutations
   817 | D:4      | Reached XP level 4. HP: 24/34 MP: 1/9
   822 | D:4      | Found a shadowy altar of Dithmenos.
   823 | D:4      | Found a bloodstained altar of Trog.
  1008 | D:4      | Reached skill level 3 in Unarmed Combat
  1043 | D:4      | Noticed a phantom
  1107 | D:3      | Reached XP level 5. HP: 22/39 MP: 8/10
  1298 | D:4      | Killed a phantom
  1298 | D:4      | Reached skill level 4 in Unarmed Combat
  1547 | D:3      | Reached skill level 5 in Unarmed Combat
  1551 | D:3      | Reached XP level 6. HP: 42/46 MP: 7/12
  1628 | D:3      | You fall through a shaft for 3 floors!
  1628 | D:6      | Noticed Pikel
  1646 | D:6      | Killed Pikel
  1646 | D:6      | Reached skill level 7 in Unarmed Combat
  1646 | D:6      | Reached XP level 7. HP: 32/51 MP: 9/13
  1826 | D:6      | Noticed Prince Ribbit
  1847 | D:6      | Killed Prince Ribbit
  1863 | D:6      | Noticed Menkaure
  1888 | D:6      | Killed Menkaure
  1888 | D:6      | Reached skill level 1 in Fighting
  1964 | D:6      | Reached skill level 2 in Fighting
  1973 | D:5      | Entered Level 5 of the Dungeon
  2133 | D:5      | Reached skill level 3 in Fighting
  2283 | D:4      | Reached XP level 8. HP: 60/63 MP: 7/14
  2589 | D:7      | Reached skill level 4 in Fighting
  2617 | D:7      | Found a hazy altar of Hepliaklqana.
  2700 | D:7      | Noticed a hippogriff
  2705 | D:7      | Noticed a hippogriff
  2724 | D:7      | Killed a hippogriff
  2724 | D:7      | Reached skill level 5 in Fighting
  2729 | D:7      | Killed a hippogriff
  2729 | D:7      | Reached skill level 6 in Fighting
  3129 | D:7      | Noticed a troll
  3140 | D:7      | Killed a troll
  3229 | D:7      | Reached skill level 5 in Transmutations
  3409 | D:8      | Noticed a hippogriff
  3423 | D:8      | Killed a hippogriff
  3423 | D:8      | Reached skill level 6 in Transmutations
  3423 | D:8      | Reached XP level 9. HP: 53/75 MP: 5/15
  3432 | D:8      | Learned a level 5 spell: Blade Hands
  3539 | D:9      | Noticed a two-headed ogre
  3745 | D:9      | Reached skill level 7 in Transmutations
  3776 | D:10     | Entered Level 10 of the Dungeon
  3801 | D:10     | Found a staircase to the Orcish Mines.
  3836 | D:10     | Found a shimmering altar of Xom.
  3990 | D:10     | Noticed Nergalle
  4006 | D:10     | Killed Nergalle
  4006 | D:10     | Reached skill level 9 in Transmutations
  4093 | D:10     | Reached skill level 2 in Dodging
  4093 | D:10     | Reached skill level 8 in Unarmed Combat
  4276 | D:9      | Found a staircase to the Lair.
  4323 | D:9      | Reached XP level 10. HP: 54/82 MP: 4/16
  4345 | D:9      | Noticed Psyche
  4361 | D:9      | Killed Psyche
  4361 | D:9      | Reached skill level 3 in Dodging
  4553 | D:9      | Killed a two-headed ogre
  4553 | D:9      | Reached skill level 4 in Dodging
  4553 | D:9      | Reached skill level 9 in Unarmed Combat
  4672 | Lair:1   | Entered Level 1 of the Lair of Beasts
  4746 | Lair:1   | Gained mutation: Your body sometimes deteriorates upon taking damage. [potion of mutation]
  4746 | Lair:1   | Gained mutation: You are partially covered in thin metallic scales. (AC +2) [potion of mutation]
  4868 | Lair:2   | Noticed a five-headed hydra
  4886 | Lair:2   | Reached skill level 5 in Dodging
  4886 | Lair:2   | Reached skill level 3 in Spellcasting
  5129 | Lair:1   | Noticed an eight-headed hydra
  5168 | Lair:1   | HP: 4/83 [eight-headed hydra (10)]
  5168 | Lair:1   | Slain by an eight-headed hydra

Vault maps used:
D:1:      lightli_arrival_windingriver
D:2:      lemuel_doored_altar, first_bread, nicolae_tso_swordbearing_angel
D:3:      cheibrodos_gnoll_hut
D:4:      gammafunk_temple_overflow_statue, marbit_many_paths,
          nicolae_ru_great_annihilating_truth
D:5:      lemuel_temple_firewalk_a, serial_park_tiny_2
D:6:      uniq_pikel, uniq_menkaure, uniq_prince_ribbit1
D:7:      minmay_gold_behind_fungi, minmay_ruined_shrine
D:9:      due_lair_maze_entry_diamond, uniq_psyche
D:10:     minmay_opposing_rooms, orc_david_3, serial_shops, shop, the_bakery,
          xom_shifter_show, uniq_nergalle
Lair:2:   minmay_shoals_entry_beasts, serial_bayou, serial_bayou_crossing,
          serial_bayou_pond_e, serial_bayou_pond_b, serial_bayou_ford_a

Skill      XL: |  1  2  3  4  5  6  7  8  9 10 |
---------------+-------------------------------+-----
Spellcasting   | 2 3 |  3.6
Transmutations | 2 3 4 6 9 |  9.0
Unarmed Combat | 3 5 7 8 9 |  9.6
Fighting       | 3 6 |  6.1
Dodging        | 2 5 |  5.3

Action                   |  1- 3 |  4- 6 |  7- 9 | 10-12 || total
-------------------------+-------+-------+-------+-------++-------
Melee: Dagger            |    66 |    13 |   134 |     9 ||   222
       Unarmed           |     6 |    99 |   171 |    62 ||   338
       Kick              |     4 |       |       |       ||     4
       Headbutt          |     5 |       |       |       ||     5
       Punch             |       |       |     1 |     3 ||     4
 Cast: Beastly Appendage |    14 |       |       |       ||    14
       Sticks to Snakes  |     9 |    10 |    43 |    17 ||    79
       Spider Form       |       |    14 |    21 |     4 ||    39
       Blade Hands       |       |       |     1 |     6 ||     7
 Abil: End Transformatio |       |       |     2 |     3 ||     5
Evoke: Wand              |       |       |     7 |     8 ||    15
  Use: Scroll            |     4 |       |    15 |     5 ||    24
       Potion            |     1 |     1 |     3 |     2 ||     7
 Stab: Sleeping          |     2 |     2 |       |       ||     4
       Distracted        |     1 |       |     7 |       ||     8
       Invisible         |     2 |       |       |       ||     2
       Paralysed         |     1 |       |       |       ||     1
       Confused          |       |       |       |     3 ||     3
  Eat: Chunk             |       |     6 |     9 |     5 ||    20
       Fruit             |       |       |     6 |     2 ||     8
Armor: Robe              |     2 |     1 |       |       ||     3
       Skin              |       |    31 |    18 |       ||    49
       Ring mail         |       |       |    31 |       ||    31
       Troll leather arm |       |       |     7 |     4 ||    11
Dodge: Dodged            |    38 |    72 |   192 |    58 ||   360

Table legend:
 A = Spawn XP
 B = Non-spawn XP
 C = Spawn XP percentage of total XP
 D = Spawn monster count
 E = Non-spawn monster count
 F = Spawn count percentage of total count
 G = Total turns spent on level
                    A         B        C        D         E        F      G
               +---------+---------+-------+---------+---------+-------+---------
         Total |     374 |   10189 |   3.5 |       6 |     153 |   3.8 |  5168
               +---------+---------+-------+---------+---------+-------+---------
           D:1 |       0 |      24 |   0.0 |       0 |      13 |   0.0 |   465
           D:2 |       0 |      63 |   0.0 |       0 |      10 |   0.0 |   299
           D:3 |      12 |     162 |   6.9 |       1 |      18 |   5.3 |   453
           D:4 |       0 |     338 |   0.0 |       0 |      17 |   0.0 |   470
           D:5 |       4 |     169 |   2.3 |       2 |       8 |  20.0 |   363
           D:6 |       0 |     987 |   0.0 |       0 |       8 |   0.0 |   700
           D:7 |     316 |     825 |  27.7 |       2 |      10 |  16.7 |   539
           D:8 |      42 |     743 |   5.4 |       1 |      11 |   8.3 |   422
           D:9 |       0 |    2527 |   0.0 |       0 |      26 |   0.0 |   607
          D:10 |       0 |    1673 |   0.0 |       0 |      20 |   0.0 |   354
        Lair:1 |       0 |    1697 |   0.0 |       0 |       8 |   0.0 |   421
        Lair:2 |       0 |     981 |   0.0 |       0 |       4 |   0.0 |    75
               +---------+---------+-------+---------+---------+-------+---------

Table legend:
 A = Turns spent in this place as a percentage of turns spent in the entire game.
 B = Non-inter-level travel turns spent in this place as a percentage of non-inter-level travel turns spent in the entire game.
 C = Inter-level travel turns spent in this place as a percentage of turns spent in this place.
 D = Turns resting spent in this place as a percentage of non-inter-level travel turns spent in this place.
 E = Turns spent auto-exploring this place as a percentage of non-inter-level travel turns spent in this place.
 F = Non-inter-level travel turns spent in this place divided by the number of levels of this place that you've seen.
                   A       B       C       D       E      F
               +-------+-------+-------+-------+-------+----------------------
         Total | 100.0 | 100.0 |   1.9 |   0.0 |   0.0 | 422.5
       Dungeon |  90.4 |  90.2 |   2.1 |   0.0 |   0.0 | 457.4
          Lair |   9.6 |   9.8 |   0.0 |   0.0 |   0.0 | 248.0
               +-------+-------+-------+-------+-------+----------------------

Table legend:
 A = Kills in this place as a percentage of kills in entire the game.
 B = Kills by you in this place as a percentage of kills by you in the entire game.
 C = Kills by friends in this place as a percentage of kills by friends in the entire game.
 D = Other kills in this place as a percentage of other kills in the entire game.
 E = Experience gained in this place as a percentage of experience gained in the entire game.
 F = Experience gained in this place divided by the number of levels of this place that you have seen.
                   A       B       C       D       E      F
               +-------+-------+-------+-------+-------+----------------------
         Total | 100.0 | 100.0 | 100.0 |   N/A | 100.0 | 880.2
       Dungeon |  92.5 |  93.3 |  87.5 |   N/A |  74.6 | 788.5
          Lair |   7.5 |   6.7 |  12.5 |   N/A |  25.4 | 1339.0
               +-------+-------+-------+-------+-------+----------------------

Vault maps used:
D:1:      lightli_arrival_windingriver
D:2:      lemuel_doored_altar, first_bread, nicolae_tso_swordbearing_angel
D:3:      cheibrodos_gnoll_hut
D:4:      gammafunk_temple_overflow_statue, marbit_many_paths,
          nicolae_ru_great_annihilating_truth
D:5:      lemuel_temple_firewalk_a, serial_park_tiny_2
D:6:      uniq_pikel, uniq_menkaure, uniq_prince_ribbit1
D:7:      minmay_gold_behind_fungi, minmay_ruined_shrine
D:9:      due_lair_maze_entry_diamond, uniq_psyche
D:10:     minmay_opposing_rooms, orc_david_3, serial_shops, shop, the_bakery,
          xom_shifter_show, uniq_nergalle
Lair:2:   minmay_shoals_entry_beasts, serial_bayou, serial_bayou_crossing,
          serial_bayou_pond_e, serial_bayou_pond_b, serial_bayou_ford_a
